 Dungeon Crawl Stone Soup version 0.31-a0-167-g1c394c0614 (webtiles) character file.

Game seed: 1617618425701461559

12 qw the Shooter (level 2, 0/26 HPs)
             Began as a Naga Hunter on June 14, 2023.
             Slain by a rat (1 damage)
             ... on level 1 of the Dungeon.
             The game lasted 00:00:01 (46 turns).

qw the Shooter (Naga Hunter)                          Turns: 46, Time: 00:00:02

Health: 0/26       AC:  2    Str: 13    XL:     2   Next: 33%
Magic:  2/2        EV:  9    Int:  9    God:
Gold:   0          SH:  0    Dex: 14    Spells: 1/1 levels left

rFire   . . .        a - +0 shortbow
rCold   . . .        (shield currently unavailable)
rNeg    . . .        c - +0 leather armour
rPois   +            (no helmet)
rElec   .            (no cloak)
rCorr   .            (no gloves)
SInv    +            (no barding)
Will    .....        (no amulet)
Stlth   ++           (no ring)
HPRegen 0.24/turn    (no ring)
MPRegen 0.08/turn

%: no passive effects
@: short of breath, very slow
A: AC +0, large, see invisible, deformed body, poison resistance, slowness 2,
spit poison 1, naga tail 1
a: Spit Poison


You were on level 1 of the Dungeon.
You visited 1 branch of the dungeon, and saw 1 of its levels.


Innate Abilities, Weirdness & Mutations

Your serpentine skin is tough. (AC +0)
You have supernaturally acute eyesight. (SInv)
Armour fits poorly on your strangely shaped body.
Your system is resistant to poisons. (rPois)
You cover ground very slowly.
You can spit poison.
You have a snake-like lower body.


   Skills:
 - Level 2.0 Fighting
 + Level 4.1 Ranged Weapons
 - Level 1.5 Dodging
 - Level 1.5 Stealth


You had one spell level left.
You didn't know any spells.
Your spell library was empty.

Inventory:

Hand Weapons
 a - a +0 shortbow (weapon)
Armour
 c - a +0 leather armour (worn)
Scrolls
 b - a scroll of butterflies
Potions
 d - a potion of brilliance {unknown}

Dungeon Overview and Level Annotations

Branches:
Dungeon (1/15)

Altars:


Message History

The frilled lizard hisses angrily.
The jackal barks!
The arrow hits the jackal.
The jackal is almost dead.
A rat comes into view.
You shoot an arrow.
The arrow hits the jackal but does no damage.
The jackal is almost dead.
The jackal bites you. The jackal completely misses you.
You shoot an arrow. The arrow barely misses the jackal.
The arrow hits the gnoll!
The gnoll is heavily wounded.
The jackal closely misses you.
A hobgoblin comes into view.
The gnoll barely misses you. The jackal bites you.
You shoot an arrow. The arrow hits the jackal.
You kill the jackal!
You have got your breath back.
The gnoll hits you from afar with a +0 spear!
The frilled lizard bites you. The gnoll barely misses you.
43 ||| INVOKING Spit Poison.
Aiming: Spit Poison (3% risk of failure)
Press: ? - help, Shift-Dir - straight line, f - frilled lizard The splash of poison misses the frilled lizard.
The splash of poison hits the gnoll!
You kill the gnoll!
The quokka bites you. The frilled lizard barely misses you.
Your Ranged Weapons skill increases to level 4!
You have reached level 2!
You shoot an arrow. The arrow closely misses the quokka.
The jackal bites you. The quokka bites you. The jackal barely misses you.
The quokka bites you. The frilled lizard barely misses you.
You shoot an arrow. The arrow hits the quokka.
You kill the quokka!
The jackal bites you but does no damage.
The rat bites you.
The frilled lizard bites you but does no damage.
You shoot an arrow. The arrow hits the jackal.
You kill the jackal!
The rat bites you.
You die...

......... #.......##.#
#........... .
#.........# ..
##.....#..# ...
#.............. #.
#.......##g..#. #.
#.......r...... #.
##......@l).....
#.##.......%%......
..#...............
#.#...............
#.#.........$.....
#.................
########................
.....# #............[...
+###.# #..........


You could see a hobgoblin, a frilled lizard and a rat.

Vanquished Creatures
  A gnoll (D:1)
  2 jackals (D:1)
  A quokka (D:1)
4 creatures vanquished.

Notes
Turn   | Place    | Note
-------+----------+-------------------------------------------
     0 | D:1      | qw the Naga Hunter began the quest for the Orb.
     0 | D:1      | Reached XP level 1. HP: 19/19 MP: 1/1
     0 | D:1      | 0 ||| qw: Version: 0.2-a-29-g1fa15c8
     0 | D:1      | 0 ||| qw: Game counter: 5087
     0 | D:1      | 0 ||| qw: Always use a shield: true
     0 | D:1      | 0 ||| qw: God list: Okawaru
     0 | D:1      | 0 ||| qw: Allow faded altars: false
     0 | D:1      | 0 ||| qw: Do Orc after D:15 true
     0 | D:1      | 0 ||| qw: Do second Lair branch before Depths: true
     0 | D:1      | 0 ||| qw: Lair rune preference: random
     0 | D:1      | 0 ||| qw: Plans: Normal
     0 | D:1      | 0 ||| PLANNING D:1-11
    38 | D:1      | 38 ||| INVOKING Spit Poison.
    43 | D:1      | 43 ||| INVOKING Spit Poison.
    44 | D:1      | Reached skill level 4 in Ranged Weapons
    44 | D:1      | Reached XP level 2. HP: 9/26 MP: 2/2
    44 | D:1      | HP: 6/26 [jackal (3)]
    44 | D:1      | HP: 2/26 [quokka (2)]
    46 | D:1      | Slain by a rat

Levels and vault maps discovered:
D:1:      tarquinn_simple_flora_water_f, layout_rooms, grunt_decor_clamped

Skill      XL: |  1 |
---------------+----+-----
Ranged Weapons | 4 |  4.1
Fighting       | |  2.0
Dodging        | |  1.5
Stealth        | |  1.5

Action                     || total
---------------------------++-------
   Fire: Shortbow          ||     8
Ability: Spit Poison       ||     2
 Armour: Leather armour    ||     2
  Dodge: Dodged            ||     7

Table legend:
 A = Non-vault XP
 B = Vault XP
 C = Vault XP percentage of total XP
 D = Non-vault monster count
 E = Vault monster count
 F = Vault count percentage of total count
                 A         B        C        D         E       F
            +---------+---------+-------+---------+---------+-------
      Total |      20 |       0 |   0.0 |       4 |       0 |   0.0
            +---------+---------+-------+---------+---------+-------
        D:1 |      20 |       0 |   0.0 |       4 |       0 |   0.0
            +---------+---------+-------+---------+---------+-------
